 Dungeon Crawl Stone Soup version 0.28-a0-124-g73ec313a74 (webtiles) character file.

Game seed: 11473174363494722444

4 porpoise the Charlatan (level 1, -1/15 HPs)
             Began as a Demonspawn Artificer on Aug 15, 2021.
             Slain by a jackal (2 damage)
             ... on level 1 of the Dungeon.
             The game lasted 00:01:04 (312 turns).

porpoise the Charlatan (Demonspawn Artificer)        Turns: 312, Time: 00:01:05

Health: -1/15      AC:  3    Str: 12    XL:     1   Next: 50%
Magic:  1/1        EV: 11    Int: 12    God:
Gold:   2          SH:  0    Dex: 13    Spells: 0/0 levels left

rFire   . . .      SeeInvis .   a - +0 club
rCold   . . .      Faith    .   (no shield)
rNeg    . . .      Spirit   .   b - +0 leather armour
rPois   .          Reflect  .   (no helmet)
rElec   .          Harm     .   (no cloak)
rCorr   .          Rampage  .   (no gloves)
Will    .....                   (no boots)
Stlth   +.........              (no amulet)
HPRegen 0.05/turn               (no ring)
MPRegen 0.07/turn               (no ring)

@: no status effects
A: no striking features
a: no special abilities


You were on level 1 of the Dungeon.
You visited 1 branch of the dungeon, and saw 1 of its levels.

You collected 2 gold pieces.

Inventory:

Hand Weapons
 a - a +0 club (weapon)
Missiles
 g - 12 bolts
Armour
 b - a +0 leather armour (worn)
Wands
 c - a wand of flame (15) (quivered)
 d - a wand of charming (13)
Scrolls
 f - a scroll of identify {unknown}
Miscellaneous
 e - a piece from Xom's chessboard (14/15)


   Skills:
 + Level 1.6 Fighting
 - Level 1.7 Armour
 - Level 0.8 Dodging
 - Level 0.8 Stealth
 - Level 3.0 Evocations


You couldn't memorise any spells.
You didn't know any spells.
Your spell library was empty.

Dungeon Overview and Level Annotations

Branches:
Dungeon (1/15)

Altars:


Message History

The jackal bites your jackal but does no damage.
Your jackal bites the jackal.
The jackal bites your jackal.
You closely miss the jackal.
The jackal is almost dead.
The jackal bites you.
* * * LOW HITPOINT WARNING * * *
Your jackal closely misses the jackal.
The jackal closely misses your jackal.
The jackal bites you but does no damage.
Your jackal bites the jackal.
You make a move on Xom's chessboard...
The jackal seems to slow down.
The jackal bites your jackal. x2
Your jackal dies!
Unknown command.
Aiming: Charm
Press: ? - help, Shift-Dir - straight line, f - jackal
Aim: a jackal (chance to affect: 71%)
The jackal is charmed.
Your jackal bites the jackal.
The jackal dies!
You are too injured to fight recklessly!
You hit the jackal.
The jackal is lightly wounded.
Your jackal bites the jackal but does no damage.
The jackal closely misses you. The jackal misses you.
Your jackal misses the jackal. You barely miss the jackal.
The jackal is lightly wounded.
Your jackal barely misses the jackal.
The jackal barely misses you.
The jackal bites you but does no damage.
Your jackal bites the jackal but does no damage.
You barely miss the jackal.
The jackal is lightly wounded.
Your jackal closely misses the jackal.
The jackal bites you.
* * * LOW HITPOINT WARNING * * *
Your jackal closely misses the jackal.
The jackal bites you.
* * * LOW HITPOINT WARNING * * *
Your jackal bites the jackal.
Your jackal bites the jackal.
Your jackal barely misses the jackal.
The jackal closely misses you.
Your jackal closely misses the jackal.
The jackal bites you.
You die...

#≈§≈≈§≈≈§≈≈≈≈§§≈#
#≈≈§≈§...§.≈≈≈§≈#
#≈§≈§§.......≈§≈#
#§≈§§..........≈#
#≈.............≈#
###..8.###.8..###
#g#...........#K#
#######'''#######
. #...@.......#
... #..h........#
....###.h÷....###
..h...##'''''##
#..hh...........
#.#..............
.................
.................
.................


You could see a jackal (ally target) and a friendly jackal (charmed).

Vanquished Creatures
  A ball python (D:1)
  An endoplasm (D:1)
2 creatures vanquished.

Vanquished Creatures (collateral kills)
  A jackal (D:1)
1 creature vanquished.

Vanquished Creatures (others)
  A jackal (D:1)
1 creature vanquished.

Grand Total: 4 creatures vanquished

Notes
Turn   | Place    | Note
-------+----------+-------------------------------------------
     0 | D:1      | porpoise the Demonspawn Artificer began the quest for the
                  | Orb.
     0 | D:1      | Reached XP level 1. HP: 15/15 MP: 1/1
   312 | D:1      | Slain by a jackal

Illustrated notes

Levels and vault maps discovered:
D:1:      lordsloth_arrival_two_stooges, layout_basic, serial_shops,
          nicolae_shop_waterfront, nicolae_shop_crystal, shop,
          wad_floor_pattern_1

Action                   || total
-------------------------++-------
Melee: Club              ||    21
Evoke: Wand              ||     2
       Piece from Xom's  ||     1
Armor: Leather armour    ||    13
Dodge: Dodged            ||    24

Table legend: (Time is in decaauts)
 A = Elapsed time spent in this place.
 B = Non-inter-level travel time spent in this place.
 C = Inter-level travel time spent in this place.
 D = Time resting spent in this place.
 E = Time spent auto-exploring this place.
 F = Levels seen in this place.
 G = Mean time per level.
                   A        B        C        D        E       F      G
               +--------+--------+--------+--------+--------+-----+--------+
         Total |    318 |    318 |      0 |    223 |     19 |   1 |  318.0 |
       Dungeon |    318 |    318 |      0 |    223 |     19 |   1 |  318.0 |
               +--------+--------+--------+--------+--------+-----+--------+

Top non-repeatable levels by time:
     D:1: 318 daAuts
